 Dungeon Crawl Stone Soup version 0.30.1-3-gfc49f6343a (console) character file.

Game seed: 2471551490142070410

98 Zeor the Shooter (level 4, -3/37 HPs)
             Began as a Minotaur Hunter on July 30, 2023.
             Slain by Grinder (6 damage)
             ... on level 3 of the Dungeon.
             The game lasted 00:05:51 (1789 turns).

Zeor the Shooter (Minotaur Hunter)                  Turns: 1789, Time: 00:05:52

Health: -3/37      AC:  9    Str: 15    XL:     4   Next: 43%
Magic:  0/0        EV: 11    Int:  6    God:
Gold:   145        SH:  0    Dex: 16    Spells: 3/3 levels left

rFire   + + .        a - +8 arbalest {penet, rF++ MP-9 SInv Stlth+}
rCold   . . .        (shield currently unavailable)
rNeg    . . .        e - +4 ring mail
rPois   .            (helmet restricted)
rElec   .            (no cloak)
rCorr   .            (no gloves)
SInv    +            (no boots)
Will    .....        l - amulet of the acrobat
Stlth   ++           (no ring)
HPRegen 0.26/turn    (no ring)
MPRegen 0.07/turn

%: acrobat
@: no status effects
A: horns 2, retaliatory headbutt
a: no special abilities


You were on level 3 of the Dungeon.
You visited 1 branch of the dungeon, and saw 3 of its levels.

You collected 145 gold pieces.

Inventory:

Hand Weapons
 a - the +8 arbalest of the Known World (weapon) {penet, rF++ MP-9 SInv Stlth+}
   (You acquired it on level 1 of the Dungeon)

   rF:        It greatly protects you from fire.
   MP:        It affects your magic capacity (-9).
   SInv:      It lets you see invisible.
   Stlth:     It makes you more stealthy.
 b - a +2 whip of venom
 d - a +0 shortbow
Missiles
 j - a throwing net
 m - 4 silver javelins
Armour
 e - a +4 ring mail (worn)
Jewellery
 l - an amulet of the acrobat (around neck)
Scrolls
 k - a scroll of immolation
 o - 2 scrolls of enchant weapon
 p - a scroll of brand weapon {unknown}
Potions
 c - 2 potions of lignification
 f - a potion of flight {unknown}
 g - a potion of might
 h - 2 potions of curing
 i - a potion of heal wounds
 n - 2 potions of attraction {unknown}


   Skills:
 + Level 2.7 Fighting
 * Level 6.2 Ranged Weapons
 + Level 1.0 Armour
 + Level 2.2 Dodging
 + Level 1.0 Stealth


You had 3 spell levels left.
You didn't know any spells.
Your spell library contained the following spells:

 Spells                   Type           Power      Damage    Failure   Level
 Magic Dart               Conj           0%         1d3       69%         1
 Searing Ray              Conj           0%         2d4       83%         2
 Vhi's Electric Charge    Tloc/Air       0%         N/A       96%         3
 Fulminant Prism          Conj/Hex       0%         3d5       100%        4
 Arcjolt                  Conj/Air       0%         1d10      100%        5
 Maxwell's Capacitive Co  Air            0%         ∞         100%        8


Dungeon Overview and Level Annotations

Branches:
Dungeon (3/15)

Altars:
Sif Muna

Annotations:
D:3 Grinder


Innate Abilities, Weirdness & Mutations

You have a pair of horns on your head.
You reflexively headbutt those who attack you in melee.


Message History

You now have 145 gold pieces (gained 14).
n - 2 silvery potions (gained 1)
You pick up a book of Conjurations and begin reading...
You add the spells Magic Dart, Searing Ray and Fulminant Prism to your library.
A hobgoblin comes into view.
Found an escape hatch in the floor.
You shoot a bolt. The bolt pierces through the hobgoblin!
You kill the hobgoblin!
You hear a shout!
Grinder comes into view.
Grinder is nearby!
You shoot a bolt. The bolt closely misses Grinder.
Grinder gestures at you. Pain shoots through your body!
You shoot a bolt. The bolt barely misses Grinder.
Grinder gestures at you. You resist with significant effort.
You shoot a bolt. The bolt pierces through Grinder!
Grinder is lightly wounded.
Grinder barely misses you. x2
You shoot a bolt. The bolt pierces through Grinder!
Grinder is severely wounded.
Grinder hits you!
You writhe in agony.
You are too injured to fight recklessly!
You are too injured to fight recklessly!
Fire: a) +8 arbalest {penet, rF++ MP-9 SInv Stlth+}
Press: ? - help, Q - select action, (/) - cycle Shift-Dir - straight line, f/p - Grinder
Aim: Grinder (severely wounded, 65% to hit)
You shoot a bolt. The bolt barely misses Grinder.
Grinder closely misses you. Grinder hits you.
* * * LOW HITPOINT WARNING * * *
Fire: a) +8 arbalest {penet, rF++ MP-9 SInv Stlth+}
Press: ? - help, Q - select action, (/) - cycle Shift-Dir - straight line, f/p - Grinder
Aim: Grinder (heavily wounded, 65% to hit)
You shoot a bolt. The bolt completely misses Grinder.
Grinder gestures at you. You resist with significant effort. Grinder hits you!
* * * LOW HITPOINT WARNING * * *
You writhe in agony.
You die... ▒▒▒ ▒▒▒▒▒▒▒▒▒ >▒ ∙∙∙∙∙ ▒▒∙∙∙▒∙∙∙▒▒∙▒ ▒∙ ▒∙∙∙∙∙∙∙∙∙∙∙ ▒ ▒▒ ∙∙∙∙∙∙∙∙∙∙∙▒ ∙∙ ∙∙∙∙∙∙∙∙∙∙∙▒∙∙▒ ▒ ∙∙∙∙∙∙∙∙∙∙∙∙∙

▒∙ ▒∙∙∙∙∙∙∙∙∙▒
∙∙∙ ▒5H∙∙▒▒ ▒∙
∙▒▒▒
▒▒∙∙∙∙▒▒▒▒∙∙∙
▒∙▒∙∙∙∙∙▒∙▒
▒∙▒∙∙∙∙∙∙∙
▒▒▒▒▒▒∙▒∙∙∙∙∙▒
▒∙∙∙∙∙∙▒∙∙∙><▒
▒∙∙∙∙∙∙▒∙∙∙∙∙▒
▒▒▒▒▒▒
▒∙∙∙∙∙∙∙∙∙∙∙∙▒
▒∙∙∙∙∙
▒∙∙∙∙∙∙▒<∙∙∙∙▒
▒▒∙∙∙∙∙


You could see Grinder.

Vanquished Creatures
  An orc priest (D:3)
  2 adders
  2 orcs (D:3)
  4 endoplasms
  A giant cockroach (D:1)
  3 goblins
  5 hobgoblins
  10 jackals
  3 quokkas
  3 bats (D:1)
  A frilled lizard (D:2)
  3 kobolds
  6 rats
44 creatures vanquished.

Notes
Turn   | Place    | Note
-------+----------+-------------------------------------------
     0 | D:1      | Zeor the Minotaur Hunter began the quest for the Orb.
     0 | D:1      | Reached XP level 1. HP: 18/18 MP: 0/0
    68 | D:1      | Reached skill level 1 in Stealth
   219 | D:1      | Reached XP level 2. HP: 25/25 MP: 1/1
   461 | D:1      | Reached skill level 5 in Ranged Weapons
   492 | D:1      | Found a faded altar of an unknown god.
   815 | D:1      | Identified a scroll of acquirement
   815 | D:1      | Acquired the +8 arbalest of the Known World {penet, rF++
                  | MP-9 SInv Stlth+}
   961 | D:2      | Found a shimmering blue altar of Sif Muna.
  1118 | D:2      | Reached XP level 3. HP: 30/30 MP: 0/2
  1543 | D:3      | Reached skill level 1 in Armour
  1543 | D:3      | Reached XP level 4. HP: 37/37 MP: 0/3
  1544 | D:3      | Reached skill level 6 in Ranged Weapons
  1783 | D:3      | Noticed Grinder
  1789 | D:3      | Slain by Grinder

Illustrated notes

Levels and vault maps discovered:
D:1:      tarquinn_simple_flora_water_d, layout_basic,
          shapermc_ecumenical_altar_gd
D:2:      layout_rooms, basic_altar
D:3:      layout_rooms, nicolae_uskayaw_dance_hall,
          gammafunk_temple_overflow_claw, uniq_grinder

Skill      XL: |  1  2  3  4 |
---------------+-------------+-----
Stealth        | 1 |  1.0
Ranged Weapons | 5 6 |  6.2
Armour         | 1 |  1.0
Fighting       | |  2.7
Dodging        | |  2.2

Action                     |  1- 3 |  4- 6 || total
---------------------------+-------+-------++-------
   Fire: Shortbow          |    51 |       ||    51
         Arbalest          |    29 |    16 ||    45
    Use: Scroll            |     7 |     2 ||     9
 Armour: Ring mail         |     9 |       ||     9
         Leather armour    |     2 |       ||     2
  Dodge: Dodged            |    14 |     4 ||    18
